Map: Romanticide LE

Players

PartinG - Winner!

  • Race: Protoss Protoss
  • Spawn Location: 11:00

Cure

  • Race: Terran Terran
  • Spawn Location: 5:00

Event: IEM Katowice 2021

VOD

Have the link to the VOD?

Description

Time

  • Played on: Feb. 25, 2021, 12:12 p.m.
  • Length: 10:46

All games in this series

Show
View Real Time Build Order
Export as new Build Order

PartinG Protoss - Winner!

Build Orders: 1 Gate Expand 

Get SALT Encoding   

  12  0:00  Probe  
  13  0:12  Probe  
  14  0:17  Pylon  
  14  0:24  Probe  
  15  0:35  Gateway  
  15  0:36  Probe  
  16  0:48  Probe  
  17  1:08  Nexus  
  17  1:10  Assimilator  
  17  1:14  Probe  
  18  1:24  Cybernetics Core  
  18  1:27  Probe  
  19  1:35  Pylon  
  20  1:40  Probe  
  20  1:52  Probe  
  20  1:53  Warp Gate (Chrono Boost)  
  21  1:54  Gateway  
  21  2:00  Adept (Chrono Boost)  
  21  2:05  Probe  
  24  2:18  Probe  
  24  2:19  Gateway  
  24  2:21  Probe  
  26  2:28  Stalker  
  28  2:32  Probe  
  28  2:34  Probe  
  30  2:41  Adept  
  32  2:44  Probe  
  32  2:46  Probe  
  32  2:48  Assimilator  
  34  2:57  Pylon  
  34  3:00  Probe x2  
  36  3:13  Probe  
  36  3:14  Probe  
  38  3:20  Adept x2  
  38  3:21  Adept  
  38  3:26  Probe x2  
  46  3:28  Pylon  
  46  3:43  Stalker x3  
  46  3:47  Probe x2 (Chrono Boost)  
  52  3:52  Assimilator  
  52  3:59  Probe x2 (Chrono Boost)  
  54  4:05  Twilight Council  
  54  4:08  Probe x2  
  56  4:13  Assimilator  
  54  4:19  Stalker  
  54  4:20  Stalker  
  54  4:23  Probe  
  54  4:24  Probe  
  58  4:35  Robotics Facility, Probe  
  58  4:36  Blink (Chrono Boost), Probe  
  60  4:51  Nexus  
  60  4:59  Probe x2  
  62  5:03  Pylon  
  62  5:07  Pylon  
  62  5:10  Pylon  
  62  5:21  Pylon, Probe  
  61  5:28  Stalker x3  
  61  5:29  Probe  
  61  5:33  Probe  
  67  5:39  Gateway  
  67  5:40  Gateway, Observer  
  67  5:42  Gateway  
  66  5:44  Shield Battery  
  66  5:46  Shield Battery, Gateway  
  66  5:52  Stalker  
  66  5:53  Stalker  
  68  6:00  Probe x2  
  68  6:02  Observer  
  68  6:06  Stalker  
  68  6:08  Charge (Chrono Boost)  
  69  6:12  Probe  
  69  6:15  Probe  
  71  6:18  Stalker  
  71  6:20  Probe  
  71  6:22  Shield Battery  
  74  6:25  Pylon  
  74  6:27  Probe  
  74  6:28  Observer  
  74  6:30  Probe  
  77  6:39  Observer  
  77  6:41  Forge  
  77  6:42  Gateway, Probe  
  77  6:43  Sentry, Probe  
  77  6:44  Sentry  
  77  6:46  Probe  
  84  6:50  Warp Prism (Chrono Boost)  
  86  6:58  Probe x2  
  86  6:59  Probe  
  89  7:05  Observer  
  89  7:10  Probe x2  
  89  7:11  Probe  
  92  7:20  Zealot x4  
  92  7:21  Zealot x2  
  92  7:22  Zealot  
  106  7:25  Protoss Ground Weapons Level 1 (Chrono Boost)  
  106  7:31  Observer  
  106  7:33  Probe x3  
  106  7:36  Templar Archives  
  109  7:38  Assimilator  
  109  7:39  Pylon  
  109  7:41  Assimilator  
  107  7:47  Zealot x4  
  115  7:54  Zealot  
  115  7:57  Pylon  
  115  7:58  Pylon, Photon Cannon  
  117  7:59  Pylon  
  117  8:06  Psionic Storm  
  117  8:09  Pylon  
  117  8:14  Nexus  
  117  8:18  High Templar  
  117  8:19  High Templar x4  
  127  8:21  High Templar  
  127  8:24  Archon  
  127  8:26  Zealot x2  
  133  8:31  Photon Cannon  
  133  8:38  Probe x3  
  136  8:42  Shield Battery  
  136  8:46  Zealot x2  
  140  8:50  Forge  
  140  8:52  Gateway  
  140  8:53  Probe  
  140  8:54  Probe x2  
  143  8:55  Gateway  
  143  9:00  Observer  
  144  9:04  High Templar  
  144  9:05  High Templar  
  144  9:08  Pylon  
  144  9:09  Probe x3  
  151  9:10  Pylon  
  151  9:13  Observer  
  151  9:15  Pylon  
  151  9:24  Pylon  
  151  9:26  High Templar  
  151  9:29  Shield Battery  
  153  9:32  Shield Battery  
  153  9:33  Probe x2  
  153  9:34  Probe  
  153  9:35  Photon Cannon  
  153  9:39  Pylon, Zealot x4  
  161  9:48  Archon  
  139  9:53  Zealot x5  
  139  9:54  Archon  
  119  10:05  Stalker x4  
  113  10:09  Zealot  
  113  10:12  Observer  
  111  10:18  Zealot x2  
  111  10:19  Zealot x3  
  121  10:28  Robotics Bay  
  119  10:29  Robotics Facility  
  119  10:31  Archon  
  115  10:37  Zealot x5  
Show
View Real Time Build Order
Export as new Build Order

Cure Terran 

Build Orders: Gas First Reaper Expand 

Get SALT Encoding   

  12  0:00  SCV  
  13  0:12  SCV  
  14  0:16  Supply Depot  
  14  0:24  SCV  
  14  0:27  Refinery  
  15  0:38  SCV  
  16  0:43  Barracks  
  16  0:50  SCV  
  17  1:02  SCV  
  18  1:14  SCV  
  19  1:30  Reaper, Orbital Command  
  20  1:44  Command Center  
  20  1:52  Factory  
  20  1:55  SCV  
  21  2:03  Refinery  
  21  2:05  Barracks Reactor  
  21  2:08  SCV  
  22  2:12  Supply Depot  
  22  2:20  SCV  
  23  2:34  SCV  
  23  2:36  Factory Tech Lab  
  24  2:41  Marine x2  
  26  2:46  SCV, Starport  
  27  2:56  Orbital Command  
  27  2:58  SCV, Marine  
  28  2:59  Marine  
  30  3:07  Cyclone  
  30  3:10  SCV  
  34  3:16  Marine, Orbital Command  
  34  3:17  Marine  
  36  3:22  SCV  
  36  3:23  Starport Tech Lab  
  37  3:34  SCV, Supply Depot  
  37  3:36  Marine x2  
  37  3:39  Siege Tank  
  42  3:44  SCV  
  42  3:46  SCV  
  44  3:54  Supply Depot  
  44  3:55  Banshee  
  44  3:57  Marine x2  
  49  4:04  SCV  
  49  4:05  SCV  
  49  4:16  Siege Tank  
  49  4:17  SCV  
  54  4:18  Marine x2  
  54  4:25  Orbital Command  
  54  4:29  SCV  
  54  4:34  Cloaking Field  
  54  4:36  Marine x2  
  56  4:41  SCV  
  57  4:52  SCV  
  57  4:53  Banshee, SCV  
  57  4:57  Marine  
  57  4:59  Marine  
  60  5:02  Supply Depot  
  60  5:04  SCV  
  60  5:05  SCV  
  61  5:16  SCV, Siege Tank  
  61  5:18  SCV  
  61  5:19  Marine  
  67  5:28  SCV  
  66  5:30  SCV  
  65  5:40  SCV  
  65  5:42  SCV  
  67  5:47  Command Center  
  67  5:49  Marine  
  67  5:50  Marine  
  67  5:51  Siege Tank  
  67  5:52  SCV  
  67  5:54  SCV  
  74  6:04  SCV  
  74  6:06  SCV  
  74  6:07  Marine x2  
  78  6:16  SCV  
  75  6:18  SCV  
  75  6:21  Raven  
  78  6:27  Supply Depot  
  78  6:28  Barracks x2  
  78  6:29  SCV  
  78  6:30  SCV  
  78  6:32  Supply Depot, Refinery  
  79  6:34  Marine, Refinery  
  79  6:37  Factory Reactor  
  79  6:39  Engineering Bay  
  80  6:40  Engineering Bay  
  80  6:41  SCV  
  80  6:42  SCV  
  82  6:50  Barracks  
  82  6:52  Marine  
  82  6:53  SCV  
  84  6:54  SCV  
  84  6:55  Barracks  
  84  6:57  Stimpack  
  85  7:02  Orbital Command  
  85  7:05  SCV  
  85  7:06  SCV, Terran Infantry Weapons Level 1  
  87  7:10  Marine  
  87  7:13  Starport Reactor  
  88  7:17  SCV  
  88  7:20  Terran Infantry Armor Level 1  
  89  7:26  Widow Mine x2  
  89  7:27  SCV  
  89  7:28  Marine, Missile Turret  
  89  7:29  SCV  
  96  7:31  SCV, Missile Turret  
  96  7:32  Ghost Academy  
  96  7:38  Marauder  
  96  7:44  Barracks Tech Lab  
  94  7:46  Marauder, Marine x2  
  98  7:54  SCV, Supply Depot  
  98  7:55  SCV x2  
  98  7:57  Combat Shield  
  98  7:58  Missile Turret  
  100  8:00  Marauder  
  100  8:02  Supply Depot  
  100  8:04  Barracks Reactor  
  102  8:08  Marauder  
  102  8:10  Medivac  
  102  8:12  Supply Depot  
  105  8:16  Supply Depot  
  105  8:20  Ghost  
  105  8:21  Marine x2  
  105  8:23  Supply Depot  
  105  8:26  Supply Depot  
  109  8:30  Ghost, Missile Turret  
  109  8:32  Marine  
  112  8:36  Supply Depot  
  112  8:39  Marine  
  112  8:40  Hellion  
  112  8:41  Hellion  
  114  8:45  Enhanced Shockwaves  
  114  8:49  SCV x3  
  117  8:57  Ghost  
  117  8:58  Marine x2  
  117  8:59  Marine x2  
  117  9:02  Hellion x2  
  127  9:03  Supply Depot  
  127  9:04  Supply Depot  
  127  9:15  Ghost  
  127  9:16  Marauder, Marine x4  
  135  9:18  SCV x2  
  135  9:22  Orbital Command  
  135  9:23  Supply Depot  
  135  9:24  Supply Depot, Concussive Shells  
  137  9:27  Marauder  
  139  9:34  SCV x2  
  134  9:52  Marine x4, Ghost  
  117  9:53  Marauder x2  
  102  10:03  Medivac x2  
  103  10:10  Marine x4  
  105  10:14  Marauder x2, Widow Mine  
  105  10:18  Widow Mine  
  105  10:20  Marine  

Tags
 
Add a new tag
Caveats
  • Supply blocks, unpowered buildings, or Contaminate may cause inaccurate times.
  • Supply counts are checked every 10 seconds.